 Dungeon Crawl Stone Soup version 0.27.1 (webtiles) character file.

Game seed: 15449002540865608932

210 greenlake the Skirmisher (level 5, -9/43 HPs)
             Began as a Demonspawn Fighter on Aug 31, 2021.
             Mangled by a yak (11 damage)
             ... on level 4 of the Dungeon.
             The game lasted 00:04:46 (2857 turns).

greenlake the Skirmisher (Demonspawn Fighter)       Turns: 2857, Time: 00:04:46

Health: -9/43      AC: 10    Str: 18    XL:     5   Next: 56%
Magic:  5/5        EV:  9    Int:  9    God:
Gold:   94         SH:  0    Dex: 12    Spells: 4/4 levels left

rFire    . . .     SeeInvis .   a - +0 long sword
rCold    . . .     Faith    .   (no shield)
rNeg     . . .     Spirit   .   b - +0 scale mail
rPois    .         Reflect  .   (no helmet)
rElec    .         Harm     .   (no cloak)
rCorr    .         Rampage  .   k - +2 pair of gloves
Will     .....                  (no boots)
Stlth    ..........             (no amulet)
HPRegen  0.14/turn              (no ring)
MPRegen  0.09/turn              (no ring)

@: no status effects
A: powered by pain 1, spiny 1
a: no special abilities


You were on level 4 of the Dungeon.
You visited 1 branch of the dungeon, and saw 4 of its levels.

You collected 94 gold pieces.

Inventory:

Hand Weapons
 a - a +0 long sword (weapon)
 u - the +9 arbalest of Checkmate {elec, Fly rC- rN+ Stlth+}
   (You found it on level 4 of the Dungeon)

   Any ammunition fired from it occasionally discharges a powerful burst of
   electricity upon striking a foe.
   rC:        It makes you vulnerable to cold.
   rN:        It protects you from negative energy.
   Fly:       It grants you flight.
   Stlth:     It makes you more stealthy.
Missiles
 g - 5 boomerangs (quivered)
Armour
 b - a +0 scale mail (worn)
 c - a +0 kite shield
 k - a +2 pair of gloves (worn)
Jewellery
 r - a ring of positive energy
Scrolls
 e - a scroll of fog {unknown}
 j - a scroll of acquirement {unknown}
 l - a scroll of vulnerability {unknown}
 m - a scroll of teleportation {unknown}
 p - a scroll of identify {unknown}
 q - a scroll of noise {unknown}
Potions
 d - a potion of might
 f - 3 potions of mutation {unknown}
 h - a potion of attraction {unknown}
 i - a potion of curing {unknown}
 n - a potion of invisibility {unknown}
 o - a potion of haste {unknown}
 s - 2 potions of heal wounds {unknown}
 t - a potion of flight {unknown}


   Skills:
 + Level 4.3 Fighting
 + Level 3.3 Long Blades
 + Level 4.0 Armour
 - Level 2.6 Shields


You had 4 spell levels left.
You didn't know any spells.
Your spell library was empty.

Dungeon Overview and Level Annotations

Branches:
Dungeon (3/15)

Altars:

Shops:
D:1 (


Innate Abilities, Weirdness & Mutations

You sometimes gain a little power by taking damage.
You are partially covered in sharp spines.


Message History

A yak comes into view.
A jackal comes into view.
You hit the gnoll.
The gnoll is almost dead.
The gnoll is struck by your spines.
You kill the gnoll!
The gnoll hits you but does no damage.
Your Armour skill increases to level 4!
The jackal barks!
The gnoll barely misses you.
The jackal bites you but does no damage.
You see here a +0 flail.
You closely miss the gnoll. The gnoll misses you.
The jackal is struck by your spines. The jackal closely misses you.
The gnoll is struck by your spines.
The gnoll hits you but does no damage. x2
The jackal bites you but does no damage.
The jackal is struck by your spines.
You kill the jackal!
The gnoll hits you but does no damage. The gnoll hits you with a +0 spear.
* * * LOW HITPOINT WARNING * * *
You hit the gnoll but do no damage. The gnoll barely misses you.
The gnoll hits you with a +0 spear.
* * * LOW HITPOINT WARNING * * *
You hit the gnoll but do no damage. The jackal bites you.
* * * LOW HITPOINT WARNING * * *
The gnoll hits you with a +0 club.
* * * LOW HITPOINT WARNING * * *
The gnoll is struck by your spines. The gnoll hits you but does no damage.
The jackal is struck by your spines. The jackal barely misses you.
You riposte.
You slash the jackal!
You kill the jackal!
Unknown command.
The gnoll barely misses you.
You see here a jackal corpse. 2 yaks come into view.
The yak bellows!
The yak moves out of view. x2
A yak comes into view.
The yak bellows! x2
The yak gores you!
You die...

..§≈≈ #.#§§§≈≈..#
#.§§≈§
#.#≈≈§§≈..#
#..§≈§
#.#≈§§§...#
#..≈§§#.#≈≈≈....#
....§§#.#≈...####
#...)...###
##.#g#### #.g.#
#@### #.Y.....#
#..####.# ..Y#
...# #..Y. ..Y..
#...## ♣


You could see 4 yaks and 2 gnolls.

Vanquished Creatures
  An ogre (D:4)
  An iguana (D:4)
  An adder (D:4)
  3 gnolls
  4 worms
  2 dart slugs (D:2)
  2 ball pythons
  3 endoplasms
  3 giant cockroaches
  3 hobgoblins
  4 jackals
  3 quokkas
  4 bats
  2 frilled lizards
  5 goblins
  5 kobolds
  9 rats
55 creatures vanquished.

Notes
Turn   | Place    | Note
-------+----------+-------------------------------------------
     0 | D:1      | greenlake the Demonspawn Fighter began the quest for the
                  | Orb.
     0 | D:1      | Reached XP level 1. HP: 18/18 MP: 1/1
   137 | D:1      | Gained mutation: You are partially covered in sharp spines.
                  | [demonic ancestry]
   137 | D:1      | Reached XP level 2. HP: 24/24 MP: 2/2
   454 | D:1      | Gained mutation: You sometimes gain a little power by
                  | taking damage. [demonic ancestry]
   454 | D:1      | Reached XP level 3. HP: 29/29 MP: 3/3
   625 | D:1      | Found Piptuarch's Antique Weapon Emporium.
   652 | D:1      | Found a faded altar of an unknown god.
  2498 | D:3      | You fall into a shaft and drop 1 floor!
  2663 | D:4      | Reached XP level 4. HP: 37/37 MP: 4/4
  2693 | D:4      | Identified the +9 arbalest of Checkmate {elec, Fly rC- rN+
                  | Stlth+}
  2749 | D:4      | Noticed an ogre
  2756 | D:4      | Killed an ogre
  2757 | D:4      | Reached XP level 5. HP: 42/42 MP: 5/5
  2846 | D:4      | Noticed a yak
  2854 | D:4      | HP: 2/43 [gnoll (1)]
  2856 | D:4      | Noticed a yak
  2856 | D:4      | Noticed a yak
  2857 | D:4      | Noticed a yak
  2857 | D:4      | Mangled by a yak

Illustrated notes

Levels and vault maps discovered:
D:1:      minmay_arrival_five_plusses, layout_basic, serial_shops, shop,
          ebering_ecumenical_altar_mist
D:2:      layout_basic, grunt_decor_fettered
D:3:      layout_loops_ring
D:4:      layout_loops_corners, gup_sewer_entry_bubbles, grunt_decor_junction,
          serial_bayou_crossing

Skill      XL: |  1  2  3  4  5 |
---------------+----------------+-----
Long Blades    | 2 3 |  3.3
Armour         | 3 4 |  4.0
Fighting       | 4 |  4.3
Shields        | |  2.6

Action                   |  1- 3 |  4- 6 || total
-------------------------+-------+-------++-------
Melee: Long sword        |    90 |    32 ||   122
Armor: Scale mail        |    48 |    20 ||    68
Dodge: Dodged            |    40 |    22 ||    62
       Rpst.: Long sword |    12 |     4 ||    16
